Flames vs Rangers (R1)

Created - 28 mars 2015 at 19:59

Goals
1 2 3 OT1 SO T
Flames 0 2 1 0 0 3
Rangers 2 0 1 0 1 4
Shots
1 2 3 OT1 SO T
Flames 14 18 6 0 3 38
Rangers 12 7 6 1 2 26

1st period

1. Rangers , Milan Lucic 37 (Brad Richards, Mark Fistric) at 15:15 (PP)
2. Rangers , Mike Cammalleri 20 (Patrice Bergeron) at 16:43

Penalties :
Mike Leclerc (Cal) for Roughing (Minor) at 8:52, Jordin Tootoo (Cal) for Interference (Minor) at 13:46, Alexander Semin (Cal) for Tripping (Minor) at 18:27

2nd period

3. Flames , Eric Staal 37 (Alexander Semin) at 4:29
4. Flames , Mike Leclerc 5 (Steve Regier) at 10:46

Penalties :
Radek Bonk (NYR) for Tripping (Minor) at 12:01, Matt Greene (NYR) for Holding (Minor) at 14:39, Derek Meech (Cal) for Tripping (Minor) at 19:51

3rd period

5. Rangers , Drew Stafford 19 (Patrice Bergeron, Mike Cammalleri) at 2:00 (PP)
6. Flames , Eric Staal 38 (Filip Kuba) at 7:02

Penalties :
Marcel Goc (Cal) for Hooking (Minor) at 1:54, Steve Eminger (Cal) for Holding (Minor) at 3:39, Mark Bell (Cal) for Interference (Minor) at 10:07

Overtime #1

No Goal

Penalties :
No Penalty

Shootout

Penalty Shot by Alexander Semin for Flames - Shot Misses the Net
Penalty Shot by Milan Lucic for Rangers - Stopped by Pekka Rinne
Penalty Shot by Eric Staal for Flames - Stopped by Henrik Lundqvist
Penalty Shot by Brad Richards for Rangers - Goal!
Penalty Shot by David Backes for Flames - Stopped by Henrik Lundqvist

Penalties :
No Penalty

Goalie Stats

Pekka Rinne (Cal), 23 saves from 26 shots - (0,885), OTL, 35-15-9, 65:00 minutes
Henrik Lundqvist (NYR), 35 saves from 38 shots - (0,921), W, 22-30-7, 65:00 minutes

Players Stats for Flames

Player Name              G  A  P  +/- PIM S  H  SB GA TA FO     MP     PP MP  PK MP  
------------------------------------------------------------------------------------
Alexander Semin          0  1  1   2  2   1  1  0  0  1  1/2    21:28   2:19   1:41 
Craig Adams              0  0  0   1  0   1  3  0  0  0  0/0    12:19   0:00   3:30 
David Backes             0  0  0   2  0   6  4  1  1  0  0/0    19:22   2:19   2:10 
Derek Meech              0  0  0   1  2   1  1  1  0  0  0/0    15:10   0:22   1:10 
Eric Staal               2  0  2   2  0   8  2  0  0  0  23/43  24:32   2:19   6:02 
Erik Johnson             0  0  0   2  0   0  0  1  0  1  0/0    21:17   2:09   5:09 
Filip Kuba               0  1  1   2  0   0  0  2  0  0  0/0    27:22   1:27   6:46 
Jordin Tootoo            0  0  0  -1  2   2  0  3  0  1  1/1    13:28   0:00   0:00 
Marcel Goc               0  0  0   0  2   2  0  0  0  0  2/7    10:34   0:00   0:56 
Mark Bell                0  0  0  -1  2   1  0  0  0  0  0/1    15:07   1:39   0:10 
Michal Handzus           0  0  0  -1  0   3  1  0  0  0  7/11   17:53   0:00   3:30 
Mike Leclerc             1  0  1   1  2   5  1  1  0  0  0/1    13:11   0:00   5:01 
Milan Hejduk             0  0  0   0  0   0  3  0  1  0  0/0    10:42   1:39   0:00 
Patrik Berglund          0  0  0   1  0   1  1  0  0  0  2/3    10:41   1:39   0:00 
Ron Hainsey              0  0  0   1  0   0  0  1  1  0  0/0    14:36   1:27   0:21 
Steve Eminger            0  0  0  -1  2   1  5  4  0  0  0/0    27:51   0:00   5:23 
Steve Regier             0  1  1   0  0   2  2  0  0  0  0/0     9:01   0:00   0:00 
Tomas Kaberle            0  0  0  -1  0   4  2  0  0  1  0/0    23:49   2:31   4:11 

Players Stats for Rangers

Player Name              G  A  P  +/- PIM S  H  SB GA TA FO     MP     PP MP  PK MP  
------------------------------------------------------------------------------------
Alexandre Burrows        0  0  0   0  0   4  1  0  0  1  0/0    15:05   0:19   0:45 
Alexei Emelin            0  0  0   0  0   0  0  0  0  0  0/0     3:46   0:00   0:00 
Brad Richards            0  1  1  -1  0   3  0  0  0  0  19/38  23:36   5:55   2:09 
Cam Barker               0  0  0  -3  0   2  1  1  1  0  0/0    31:09   7:26   2:04 
Drew Stafford            1  0  1  -1  0   1  2  1  0  0  0/0    17:17   5:26   0:00 
Johan Franzen            0  0  0  -1  0   0  1  0  1  0  0/1    19:06   5:55   0:00 
Kimmo Timonen            0  0  0   1  0   1  0  0  0  0  0/0    22:14   4:04   1:54 
Mark Fistric             0  1  1   1  0   2  1  0  0  0  0/0    22:14   4:04   1:54 
Matt Greene              0  0  0   0  2   1  1  2  0  0  0/0    12:45   0:00   0:00 
Matt Read                0  0  0   0  0   1  1  0  0  0  0/0    12:16   0:00   0:00 
Mike Cammalleri          1  1  2  -1  0   2  0  0  0  0  0/0    21:16   5:26   1:04 
Milan Lucic              1  0  1  -1  0   4  3  0  2  2  4/10   27:53   5:54   2:09 
Nathan Gerbe             0  0  0   0  0   0  0  0  0  0  0/0     5:04   0:00   0:00 
Patrice Bergeron         0  2  2  -1  0   3  2  0  0  0  6/9    21:10   5:26   1:04 
Radek Bonk               0  0  0   0  2   1  3  0  0  0  3/8    14:10   0:09   0:00 
Ryan Whitney             0  0  0  -3  0   0  0  1  0  0  0/0    28:21   7:26   2:04 
Staffan Kronwall         0  0  0   0  0   1  0  0  0  0  0/0    11:08   0:00   0:00 
Valtteri Filppula        0  0  0   0  0   0  0  0  0  0  1/3     7:30   0:00   0:45 

3 Stars

1 - Eric Staal (Cal)
2 - Mike Cammalleri (NYR)
3 - Milan Lucic (NYR)

Power Play

Flames - 0 on 2 Attempt(s) - 0,00%
Rangers - 2 on 7 Attempt(s) - 28,57%

Penalty Kill

Flames - 5 on 7 Attempt(s) - 71,43% - Score 0 goal in Penalty Kill
Rangers - 2 on 2 Attempt(s) - 100,00% - Score 0 goal in Penalty Kill

Team Stat

Flames - Hits : 26 - Faceoff Wins : 36 - Blocked Shots : 14 - Penalty Minutes : 14
Rangers - Hits : 16 - Faceoff Wins : 33 - Blocked Shots : 5 - Penalty Minutes : 4

Official

Referees : Rooney Chris and StPierre Justin
Linesman : Shane Heyer and Vaughan Rody

Game Notes

No Game Note

Finance

Level 1 -- Attendance: 4705 (78,42%) -- Ticket Income 423 450 $
Level 2 -- Attendance: 4161 (83,22%) -- Ticket Income 228 855 $
Level 3 -- Attendance: 2000 (100,00%) -- Ticket Income 60 000 $
Level 4 -- Attendance: 3615 (90,38%) -- Ticket Income 72 300 $
Luxury Box -- Attendance: 744 (74,40%) -- Ticket Income 130 200 $
Game was played at the Madison Square Garden'
Total Attendance: 15225 (84,58%)
Total Ticket Income: 914 805 $
Other Income: 137 221 $
Total Income: 1 052 026 $

Flames

5 vs 5 Forward 
   Center                   Left Wing                Right Wing               Time % Phy DF OF 
 1 Eric Staal               Alexander Semin          David Backes             40     1   2  2  
 2 Michal Handzus           Mark Bell                Jordin Tootoo            30     1   2  2  
 3 Marcel Goc               Steve Regier             Milan Hejduk             20     1   2  2  
 4 Patrik Berglund          Mike Leclerc             Craig Adams              10     1   2  2  

5 vs 5 Defense 
   Defense                  Defense                                           Time % Phy DF OF 
 1 Tomas Kaberle            Steve Eminger                                     40     1   2  2  
 2 Filip Kuba               Erik Johnson                                      30     1   2  2  
 3 Derek Meech              Ron Hainsey                                       20     1   2  2  
 4 Filip Kuba               Steve Eminger                                     10     1   2  2  

PowerPlay Forward 
   Center                   Left Wing                Right Wing               Time % Phy DF OF 
 1 Eric Staal               Alexander Semin          David Backes             60     1   2  2  
 2 Patrik Berglund          Mark Bell                Milan Hejduk             40     1   2  2  

PowerPlay Defense
   Defense                  Defense                                           Time % Phy DF OF 
 1 Tomas Kaberle            Erik Johnson                                      60     1   2  2  
 2 Filip Kuba               Ron Hainsey                                       40     1   2  2  

Penalty Kill 4 Players Forward 
   Center                   Wing                     Time % Phy DF OF 
 1 Eric Staal               Mike Leclerc             60     1   3  1  
 2 Michal Handzus           Craig Adams              40     1   3  1  

Penalty Kill 4 Players Defense
   Defense                  Defense                  Time % Phy DF OF 
 1 Filip Kuba               Steve Eminger            60     1   3  1  
 2 Tomas Kaberle            Erik Johnson             40     1   3  1  

Penalty Kill - 3 Players Forward 
   Forward                                           Time % Phy DF OF 
 1 Mike Leclerc                                      60     1   4  0  
 2 Craig Adams                                       40     1   4  0  

Penalty Kill - 3 Players Defense
   Defense                  Defense                  Time % Phy DF OF 
 1 Filip Kuba               Steve Eminger            60     1   4  0  
 2 Tomas Kaberle            Erik Johnson             40     1   4  0  

4 vs 4 Forward 
   Center                   Wing                     Time % Phy DF OF 
 1 Eric Staal               Alexander Semin          60     1   2  2  
 2 Patrik Berglund          David Backes             40     1   2  2  

4 vs 4 Defense
   Defense                  Defense                  Time % Phy DF OF 
 1 Filip Kuba               Steve Eminger            60     1   2  2  
 2 Tomas Kaberle            Erik Johnson             40     1   2  2  

Last Minutes Offensive
   Center                   Left Wing                Right Wing               Defense                  Defense                  
   Eric Staal               Alexander Semin          David Backes             Tomas Kaberle            Steve Eminger            

Last Minutes Defensive
   Center                   Left Wing                Right Wing               Defense                  Defense                  
   Eric Staal               Alexander Semin          David Backes             Filip Kuba               Steve Eminger            

Goaltenders
Starting : Pekka Rinne              
Backup : Craig Anderson           

Extra Forwards
Normal : Alexander Semin, Jordin Tootoo, Michal Handzus - PP : Mark Bell, Milan Hejduk - PK : David Backes
Extra Defensemen
Normal : Erik Johnson, Tomas Kaberle, Derek Meech - PP : Tomas Kaberle - PK : Erik Johnson, Filip Kuba
Penalty Shots
Alexander Semin, Eric Staal, David Backes, Milan Hejduk, Mark Bell

Rangers

5 vs 5 Forward 
   Center                   Left Wing                Right Wing               Time % Phy DF OF 
 1 Brad Richards            Milan Lucic              Johan Franzen            40     1   2  2  
 2 Patrice Bergeron         Mike Cammalleri          Drew Stafford            30     1   2  2  
 3 Radek Bonk               Alexandre Burrows        Matt Read                20     1   2  2  
 4 Valtteri Filppula        Nathan Gerbe             Milan Lucic              10     1   2  2  

5 vs 5 Defense 
   Defense                  Defense                                           Time % Phy DF OF 
 1 Cam Barker               Ryan Whitney                                      40     1   2  2  
 2 Kimmo Timonen            Mark Fistric                                      30     1   2  2  
 3 Matt Greene              Staffan Kronwall                                  20     1   2  2  
 4 Alexei Emelin            Cam Barker                                        10     1   2  2  

PowerPlay Forward 
   Center                   Left Wing                Right Wing               Time % Phy DF OF 
 1 Brad Richards            Milan Lucic              Johan Franzen            60     1   2  2  
 2 Patrice Bergeron         Mike Cammalleri          Drew Stafford            40     1   2  2  

PowerPlay Defense
   Defense                  Defense                                           Time % Phy DF OF 
 1 Cam Barker               Ryan Whitney                                      60     1   2  2  
 2 Kimmo Timonen            Mark Fistric                                      40     1   2  2  

Penalty Kill 4 Players Forward 
   Center                   Wing                     Time % Phy DF OF 
 1 Milan Lucic              Brad Richards            60     1   2  2  
 2 Patrice Bergeron         Mike Cammalleri          40     1   2  2  

Penalty Kill 4 Players Defense
   Defense                  Defense                  Time % Phy DF OF 
 1 Cam Barker               Ryan Whitney             60     1   2  2  
 2 Kimmo Timonen            Mark Fistric             40     1   2  2  

Penalty Kill - 3 Players Forward 
   Forward                                           Time % Phy DF OF 
 1 Milan Lucic                                       60     1   2  2  
 2 Brad Richards                                     40     1   2  2  

Penalty Kill - 3 Players Defense
   Defense                  Defense                  Time % Phy DF OF 
 1 Cam Barker               Ryan Whitney             60     1   2  2  
 2 Kimmo Timonen            Mark Fistric             40     1   2  2  

4 vs 4 Forward 
   Center                   Wing                     Time % Phy DF OF 
 1 Milan Lucic              Brad Richards            60     1   2  2  
 2 Patrice Bergeron         Mike Cammalleri          40     1   2  2  

4 vs 4 Defense
   Defense                  Defense                  Time % Phy DF OF 
 1 Cam Barker               Ryan Whitney             60     1   2  2  
 2 Kimmo Timonen            Mark Fistric             40     1   2  2  

Last Minutes Offensive
   Center                   Left Wing                Right Wing               Defense                  Defense                  
   Brad Richards            Milan Lucic              Johan Franzen            Cam Barker               Ryan Whitney             

Last Minutes Defensive
   Center                   Left Wing                Right Wing               Defense                  Defense                  
   Brad Richards            Milan Lucic              Johan Franzen            Cam Barker               Ryan Whitney             

Goaltenders
Starting : Henrik Lundqvist         
Backup : Hannu Toivonen           

Extra Forwards
Normal : Alexandre Burrows, Radek Bonk, Valtteri Filppula - PP : Alexandre Burrows, Radek Bonk - PK : Valtteri Filppula
Extra Defensemen
Normal : Matt Greene, Staffan Kronwall, Alexei Emelin - PP : Matt Greene - PK : Staffan Kronwall, Alexei Emelin
Penalty Shots
Milan Lucic, Brad Richards, Patrice Bergeron, Mike Cammalleri, Johan Franzen

% Time on Ice - Flames

Lines # - Real PCT - Wanted PCT - Time Play
Normal Forward
1 - 32% - 40% - 14:08
2 - 31% - 30% - 13:45
3 - 20% - 20% - 9:01
4 - 17% - 10% - 7:38
Normal Defense
1 - 39% - 40% - 17:18
2 - 27% - 30% - 12:02
3 - 28% - 20% - 12:30
4 - 6% - 10% - 2:42
PP Forward
1 - 58% - 60% - 2:19
2 - 42% - 40% - 1:39
PP Defense
1 - 63% - 60% - 2:31
2 - 37% - 40% - 1:27
PK Forward
1 - 70% - 60% - 8:00
2 - 30% - 40% - 3:30
PK Defense
1 - 64% - 60% - 7:19
2 - 36% - 40% - 4:11
PK3 Forward
1 - 0% - 60%
2 - 0% - 40%
PK3 Defense
1 - 0% - 60%
2 - 0% - 40%
44 Forward
1 - 73% - 60% - 3:38
2 - 27% - 40% - 1:22
44 Defense
1 - 58% - 60% - 2:54
2 - 42% - 40% - 2:06
Last Minute Offensive  - 0:00
Last Minute Defensive  - 0:00
Total
Forward - 65:00
Defense - 65:00

% Time on Ice - Rangers

Lines # - Real PCT - Wanted PCT - Time Play
Normal Forward
1 - 31% - 40% - 13:35
2 - 32% - 30% - 14:10
3 - 26% - 20% - 11:43
4 - 11% - 10% - 5:04
Normal Defense
1 - 37% - 40% - 16:32
2 - 31% - 30% - 13:58
3 - 24% - 20% - 10:45
4 - 7% - 10% - 3:17
PP Forward
1 - 53% - 60% - 6:04
2 - 47% - 40% - 5:26
PP Defense
1 - 65% - 60% - 7:26
2 - 35% - 40% - 4:04
PK Forward
1 - 73% - 60% - 2:54
2 - 27% - 40% - 1:04
PK Defense
1 - 52% - 60% - 2:04
2 - 48% - 40% - 1:54
PK3 Forward
1 - 0% - 60%
2 - 0% - 40%
PK3 Defense
1 - 0% - 60%
2 - 0% - 40%
44 Forward
1 - 77% - 60% - 3:51
2 - 23% - 40% - 1:09
44 Defense
1 - 54% - 60% - 2:42
2 - 46% - 40% - 2:18
Last Minute Offensive  - 0:00
Last Minute Defensive  - 0:00
Total
Forward - 65:00
Defense - 65:00

Play by Play

1st period


0:01 of 1st period - Eric Staal wins face-off versus Brad Richards in neutral zone.
0:04 of 1st period - Slapshot by Eric Staal.
0:04 of 1st period - Shot Misses the Net.
0:26 of 1st period - Cam Barker is hit by Steve Eminger and loses puck.
1:39 of 1st period - Snap shot by Patrice Bergeron.
1:39 of 1st period - Shot Misses the Net.
1:41 of 1st period - Slapshot by Mike Cammalleri.
1:41 of 1st period - Shot Blocked by Jordin Tootoo.
1:43 of 1st period - Wrist shot by Drew Stafford.
1:43 of 1st period - Shot Misses the Net.
2:36 of 1st period - Staffan Kronwall is hit by Steve Eminger and loses puck.
3:25 of 1st period - Snap shot by Patrice Bergeron.
3:25 of 1st period - Shot Blocked by Filip Kuba.
3:27 of 1st period - Snap shot by Mike Cammalleri.
3:27 of 1st period - Shot Hit the Post.
3:29 of 1st period - Slapshot by Staffan Kronwall.
3:29 of 1st period - Stopped by Pekka Rinne without a rebound.
3:30 of 1st period - Brad Richards wins face-off versus Eric Staal in Flames zone.
3:37 of 1st period - Snap shot by Milan Lucic.
3:37 of 1st period - Shot Misses the Net.
3:46 of 1st period - Off-side.
3:47 of 1st period - Radek Bonk wins face-off versus Mark Bell in neutral zone.
3:50 of 1st period - Snap shot by Alexandre Burrows.
3:50 of 1st period - Stopped by Pekka Rinne without a rebound.
3:51 of 1st period - Michal Handzus wins face-off versus Radek Bonk in Flames zone.
4:04 of 1st period - Wrist shot by Radek Bonk.
4:04 of 1st period - Stopped by Pekka Rinne with a rebound.
4:21 of 1st period - Milan Lucic is hit by Alexander Semin and loses puck.
5:31 of 1st period - Wrist shot by Radek Bonk.
5:31 of 1st period - Shot Misses the Net.
6:24 of 1st period - Brad Richards is hit by Milan Hejduk and loses puck.
6:31 of 1st period - Wrist shot by Marcel Goc.
6:31 of 1st period - Stopped by Henrik Lundqvist without a rebound.
6:32 of 1st period - Eric Staal wins face-off versus Radek Bonk in Rangers zone.
6:57 of 1st period - Derek Meech is hit by Patrice Bergeron and loses puck.
7:02 of 1st period - Wrist shot by Patrice Bergeron.
7:02 of 1st period - Stopped by Pekka Rinne with a rebound.
7:04 of 1st period - Slapshot by Matt Greene.
7:04 of 1st period - Stopped by Pekka Rinne without a rebound.
7:05 of 1st period - Eric Staal wins face-off versus Brad Richards in Flames zone.
7:18 of 1st period - Snap shot by David Backes.
7:18 of 1st period - Stopped by Henrik Lundqvist without a rebound.
7:19 of 1st period - Michal Handzus wins face-off versus Brad Richards in Rangers zone.
7:53 of 1st period - Wrist shot by Mike Cammalleri.
7:53 of 1st period - Shot Misses the Net.
7:55 of 1st period - Wrist shot by Cam Barker.
7:55 of 1st period - Shot Misses the Net.
8:52 of 1st period - Minor Penalty to Mike Leclerc for Roughing.
8:53 of 1st period - Brad Richards wins face-off versus Eric Staal in Flames zone.
8:53 of 1st period - Snap shot by Milan Lucic.
8:53 of 1st period - Shot Misses the Net.
8:55 of 1st period - Slapshot by Milan Lucic.
8:55 of 1st period - Deflect By Brad Richards.
8:55 of 1st period - Shot Misses the Net.
8:55 of 1st period - Puck is out of play.
8:56 of 1st period - Eric Staal wins face-off versus Brad Richards in Flames zone.
10:23 of 1st period - Johan Franzen is hit by Craig Adams and loses puck.
10:52 of 1st period - Penalty to Mike Leclerc is over, Mike Leclerc is back on ice.
10:58 of 1st period - Wrist shot by Patrice Bergeron.
10:58 of 1st period - Stopped by Pekka Rinne without a rebound.
10:59 of 1st period - Michal Handzus wins face-off versus Radek Bonk in Flames zone.
11:44 of 1st period - Johan Franzen is hit by Eric Staal and loses puck.
12:33 of 1st period - Radek Bonk is hit by Derek Meech and loses puck.
13:14 of 1st period - Snap shot by Mike Leclerc.
13:14 of 1st period - Stopped by Henrik Lundqvist with a rebound.
13:16 of 1st period - Slapshot by Patrik Berglund.
13:16 of 1st period - Stopped by Henrik Lundqvist without a rebound.
13:17 of 1st period - Eric Staal wins face-off versus Milan Lucic in Rangers zone.
13:26 of 1st period - Snap shot by Eric Staal.
13:26 of 1st period - Stopped by Henrik Lundqvist with a rebound.
13:28 of 1st period - Slapshot by Tomas Kaberle.
13:28 of 1st period - Stopped by Henrik Lundqvist without a rebound.
13:29 of 1st period - Brad Richards wins face-off versus Eric Staal in Rangers zone.
13:29 of 1st period - Brad Richards is hit by David Backes.
13:43 of 1st period - Snap shot by Brad Richards.
13:43 of 1st period - Deflect By Milan Lucic.
13:43 of 1st period - Shot Blocked by David Backes.
13:43 of 1st period - Puck is out of play.
13:44 of 1st period - Michal Handzus wins face-off versus Patrice Bergeron in Flames zone.
13:46 of 1st period - Minor Penalty to Jordin Tootoo for Interference.
13:47 of 1st period - Eric Staal wins face-off versus Brad Richards in Flames zone.
13:51 of 1st period - Wrist shot by Milan Lucic.
13:51 of 1st period - Shot Blocked by Mike Leclerc.
13:53 of 1st period - Slapshot by Cam Barker.
13:53 of 1st period - Stopped by Pekka Rinne with a rebound.
13:55 of 1st period - Snap shot by Brad Richards.
13:55 of 1st period - Shot Misses the Net.
14:13 of 1st period - Mike Cammalleri is hit by Craig Adams and loses puck.
14:44 of 1st period - Slapshot by Patrice Bergeron.
14:44 of 1st period - Stopped by Pekka Rinne with a rebound.
15:01 of 1st period - Off-side.
15:02 of 1st period - Michal Handzus wins face-off versus Brad Richards in neutral zone.
15:15 of 1st period - Snap shot by Milan Lucic.
15:15 of 1st period - Goal by Milan Lucic - Flames : 0 - Rangers : 1.
15:16 of 1st period - Brad Richards wins face-off versus Eric Staal in neutral zone.
15:48 of 1st period - Wrist shot by Michal Handzus.
15:48 of 1st period - Stopped by Henrik Lundqvist with a rebound.
15:50 of 1st period - Slapshot by Tomas Kaberle.
15:50 of 1st period - Stopped by Henrik Lundqvist without a rebound.
15:51 of 1st period - Michal Handzus wins face-off versus Brad Richards in Rangers zone.
15:58 of 1st period - Snap shot by Michal Handzus.
15:58 of 1st period - Shot Blocked by Ryan Whitney.
16:00 of 1st period - Snap shot by Jordin Tootoo.
16:00 of 1st period - Stopped by Henrik Lundqvist without a rebound.
16:01 of 1st period - Brad Richards wins face-off versus Michal Handzus in Rangers zone.
16:12 of 1st period - Wrist shot by Michal Handzus.
16:12 of 1st period - Stopped by Henrik Lundqvist without a rebound.
16:13 of 1st period - Eric Staal wins face-off versus Brad Richards in Rangers zone.
16:14 of 1st period - Wrist shot by David Backes.
16:14 of 1st period - Stopped by Henrik Lundqvist with a rebound.
16:26 of 1st period - Slapshot by Eric Staal.
16:26 of 1st period - Stopped by Henrik Lundqvist with a rebound.
16:28 of 1st period - Snap shot by Alexander Semin.
16:28 of 1st period - Stopped by Henrik Lundqvist with a rebound.
16:38 of 1st period - Jordin Tootoo is hit by Patrice Bergeron and loses puck.
16:43 of 1st period - Wrist shot by Mike Cammalleri.
16:43 of 1st period - Goal by Mike Cammalleri - Flames : 0 - Rangers : 2.
16:44 of 1st period - Alexander Semin wins face-off versus Brad Richards in neutral zone.
16:47 of 1st period - Backhand shot by Eric Staal.
16:47 of 1st period - Shot Misses the Net.
16:49 of 1st period - Slapshot by Filip Kuba.
16:49 of 1st period - Shot Blocked by Cam Barker.
17:11 of 1st period - Filip Kuba is hit by Drew Stafford.
17:31 of 1st period - Snap shot by Marcel Goc.
17:31 of 1st period - Shot Misses the Net.
17:33 of 1st period - Snap shot by Marcel Goc.
17:33 of 1st period - Shot Misses the Net.
17:35 of 1st period - Snap shot by Steve Regier.
17:35 of 1st period - Stopped by Henrik Lundqvist without a rebound.
17:36 of 1st period - Brad Richards wins face-off versus Marcel Goc in Rangers zone.
17:45 of 1st period - Wrist shot by Milan Lucic.
17:45 of 1st period - Shot Blocked by Derek Meech.
17:47 of 1st period - Wrist shot by Johan Franzen.
17:47 of 1st period - Shot Blocked by Ron Hainsey.
18:08 of 1st period - Wrist shot by Mike Cammalleri.
18:08 of 1st period - Stopped by Pekka Rinne without a rebound.
18:09 of 1st period - Brad Richards wins face-off versus Eric Staal in Flames zone.
18:27 of 1st period - Minor Penalty to Alexander Semin for Tripping.
18:28 of 1st period - Brad Richards wins face-off versus Eric Staal in Flames zone.
18:30 of 1st period - Snap shot by Brad Richards.
18:30 of 1st period - Stopped by Pekka Rinne without a rebound.
18:31 of 1st period - Brad Richards wins face-off versus Eric Staal in Flames zone.
19:10 of 1st period - Snap shot by Mike Cammalleri.
19:10 of 1st period - Shot Misses the Net.
Goals for this period are 0 for Flames vs 2 for Rangers.
Shots for this period are 14 for Flames vs 12 for Rangers.

2nd period


0:01 of 2nd period - Eric Staal wins face-off versus Brad Richards in neutral zone.
0:27 of 2nd period - Penalty to Alexander Semin is over, Alexander Semin is back on ice.
0:46 of 2nd period - Eric Staal is hit by Radek Bonk and loses puck.
1:46 of 2nd period - Steve Eminger is hit by Milan Lucic and loses puck.
2:09 of 2nd period - Jordin Tootoo is hit by Drew Stafford and loses puck.
2:21 of 2nd period - Off-side.
2:22 of 2nd period - Radek Bonk wins face-off versus Patrik Berglund in neutral zone.
2:29 of 2nd period - Snap shot by Alexandre Burrows.
2:29 of 2nd period - Deflect By Craig Adams.
2:29 of 2nd period - Stopped by Pekka Rinne without a rebound.
2:30 of 2nd period - Eric Staal wins face-off versus Brad Richards in Flames zone.
2:59 of 2nd period - Wrist shot by Patrice Bergeron.
2:59 of 2nd period - Shot Misses the Net.
3:36 of 2nd period - Off-side.
3:37 of 2nd period - Eric Staal wins face-off versus Valtteri Filppula in neutral zone.
3:42 of 2nd period - Slapshot by Eric Staal.
3:42 of 2nd period - Stopped by Henrik Lundqvist without a rebound.
3:43 of 2nd period - Brad Richards wins face-off versus Eric Staal in Rangers zone.
3:57 of 2nd period - Off-side.
3:58 of 2nd period - Patrice Bergeron wins face-off versus Michal Handzus in neutral zone.
4:07 of 2nd period - Cam Barker is hit by Steve Eminger and loses puck.
4:24 of 2nd period - Milan Lucic is hit by Tomas Kaberle and loses puck.
4:29 of 2nd period - Wrist shot by Eric Staal.
4:29 of 2nd period - Goal by Eric Staal - Flames : 1 - Rangers : 2.
4:30 of 2nd period - Brad Richards wins face-off versus Eric Staal in neutral zone.
4:43 of 2nd period - Slapshot by David Backes.
4:43 of 2nd period - Deflect By Brad Richards.
4:43 of 2nd period - Stopped by Henrik Lundqvist without a rebound.
4:44 of 2nd period - Eric Staal wins face-off versus Brad Richards in Rangers zone.
5:31 of 2nd period - Wrist shot by Mike Leclerc.
5:31 of 2nd period - Stopped by Henrik Lundqvist without a rebound.
5:32 of 2nd period - Patrik Berglund wins face-off versus Radek Bonk in Rangers zone.
5:37 of 2nd period - Slapshot by Craig Adams.
5:37 of 2nd period - Shot Misses the Net.
5:56 of 2nd period - Ron Hainsey is hit by Matt Read.
6:20 of 2nd period - Slapshot by Mike Leclerc.
6:20 of 2nd period - Shot Blocked by Matt Greene.
6:22 of 2nd period - Snap shot by Derek Meech.
6:22 of 2nd period - Stopped by Henrik Lundqvist with a rebound.
6:58 of 2nd period - Staffan Kronwall is hit by Craig Adams and loses puck.
7:03 of 2nd period - Slapshot by Mike Leclerc.
7:03 of 2nd period - Stopped by Henrik Lundqvist with a rebound.
7:05 of 2nd period - Wrist shot by Ron Hainsey.
7:05 of 2nd period - Deflect By Mike Leclerc.
7:05 of 2nd period - Stopped by Henrik Lundqvist with a rebound.
7:07 of 2nd period - Slapshot by Craig Adams.
7:07 of 2nd period - Stopped by Henrik Lundqvist without a rebound.
7:08 of 2nd period - Eric Staal wins face-off versus Milan Lucic in Rangers zone.
7:58 of 2nd period - Snap shot by Milan Hejduk.
7:58 of 2nd period - Shot Misses the Net.
8:00 of 2nd period - Slapshot by Steve Eminger.
8:00 of 2nd period - Deflect By Milan Lucic.
8:00 of 2nd period - Stopped by Henrik Lundqvist with a rebound.
8:02 of 2nd period - Wrist shot by Marcel Goc.
8:02 of 2nd period - Stopped by Henrik Lundqvist without a rebound.
8:03 of 2nd period - Eric Staal wins face-off versus Brad Richards in Rangers zone.
8:06 of 2nd period - Wrist shot by David Backes.
8:06 of 2nd period - Stopped by Henrik Lundqvist with a rebound.
8:29 of 2nd period - Wrist shot by Drew Stafford.
8:29 of 2nd period - Shot Misses the Net.
8:31 of 2nd period - Slapshot by Mark Fistric.
8:31 of 2nd period - Stopped by Pekka Rinne with a rebound.
8:33 of 2nd period - Slapshot by Kimmo Timonen.
8:33 of 2nd period - Stopped by Pekka Rinne without a rebound.
8:34 of 2nd period - Eric Staal wins face-off versus Brad Richards in Flames zone.
8:44 of 2nd period - Off-side.
8:45 of 2nd period - Eric Staal wins face-off versus Brad Richards in neutral zone.
8:50 of 2nd period - Snap shot by Eric Staal.
8:50 of 2nd period - Stopped by Henrik Lundqvist without a rebound.
8:51 of 2nd period - Milan Lucic wins face-off versus Eric Staal in Rangers zone.
8:57 of 2nd period - Wrist shot by David Backes.
8:57 of 2nd period - Stopped by Henrik Lundqvist with a rebound.
9:07 of 2nd period - Snap shot by Alexander Semin.
9:07 of 2nd period - Deflect By Eric Staal.
9:07 of 2nd period - Shot Misses the Net.
9:07 of 2nd period - Puck is out of play.
9:08 of 2nd period - Jordin Tootoo wins face-off versus Patrice Bergeron in Rangers zone.
9:33 of 2nd period - Tomas Kaberle is hit by Alexandre Burrows and loses puck.
10:18 of 2nd period - Snap shot by Eric Staal.
10:18 of 2nd period - Shot Blocked by Drew Stafford.
10:20 of 2nd period - Wrist shot by Tomas Kaberle.
10:20 of 2nd period - Deflect By Patrice Bergeron.
10:20 of 2nd period - Stopped by Henrik Lundqvist without a rebound.
10:21 of 2nd period - Patrice Bergeron wins face-off versus Eric Staal in Rangers zone.
10:32 of 2nd period - Wrist shot by Eric Staal.
10:32 of 2nd period - Stopped by Henrik Lundqvist with a rebound.
10:46 of 2nd period - Wrist shot by Mike Leclerc.
10:46 of 2nd period - Goal by Mike Leclerc - Flames : 2 - Rangers : 2.
10:47 of 2nd period - Brad Richards wins face-off versus Eric Staal in neutral zone.
11:12 of 2nd period - Alexei Emelin is hit by Steve Regier and loses puck.
11:59 of 2nd period - Snap shot by Michal Handzus.
11:59 of 2nd period - Shot Hit the Post.
12:01 of 2nd period - Minor Penalty to Radek Bonk for Tripping.
12:02 of 2nd period - Milan Lucic wins face-off versus Eric Staal in Rangers zone.
12:09 of 2nd period - Cam Barker is hit by Tomas Kaberle and loses puck.
12:18 of 2nd period - Ryan Whitney is hit by Eric Staal and loses puck.
12:42 of 2nd period - Brad Richards is hit by Patrik Berglund.
13:16 of 2nd period - Snap shot by Alexandre Burrows.
13:16 of 2nd period - Stopped by Pekka Rinne with a rebound.
13:27 of 2nd period - Kimmo Timonen is hit by David Backes and loses puck.
13:38 of 2nd period - Snap shot by Eric Staal.
13:38 of 2nd period - Stopped by Henrik Lundqvist without a rebound.
13:39 of 2nd period - Patrik Berglund wins face-off versus Milan Lucic in Rangers zone.
14:01 of 2nd period - Penalty to Radek Bonk is over, Radek Bonk is back on ice.
14:21 of 2nd period - Snap shot by Cam Barker.
14:21 of 2nd period - Stopped by Pekka Rinne without a rebound.
14:22 of 2nd period - Patrice Bergeron wins face-off versus Michal Handzus in Flames zone.
14:23 of 2nd period - Snap shot by Mike Cammalleri.
14:23 of 2nd period - Shot Misses the Net.
14:39 of 2nd period - Minor Penalty to Matt Greene for Holding.
14:40 of 2nd period - Eric Staal wins face-off versus Milan Lucic in Rangers zone.
15:33 of 2nd period - Icing by Eric Staal.
15:34 of 2nd period - Eric Staal wins face-off versus Milan Lucic in Flames zone.
16:27 of 2nd period - Icing by Tomas Kaberle.
16:28 of 2nd period - Patrice Bergeron wins face-off versus Alexander Semin in Flames zone.
16:29 of 2nd period - Slapshot by Kimmo Timonen.
16:29 of 2nd period - Shot Blocked by Erik Johnson.
16:39 of 2nd period - Penalty to Matt Greene is over, Matt Greene is back on ice.
16:54 of 2nd period - Slapshot by Steve Eminger.
16:54 of 2nd period - Shot Blocked by Matt Greene.
18:14 of 2nd period - Wrist shot by Patrice Bergeron.
18:14 of 2nd period - Shot Blocked by Steve Eminger.
18:16 of 2nd period - Slapshot by Kimmo Timonen.
18:16 of 2nd period - Deflect By Matt Greene.
18:16 of 2nd period - Shot Misses the Net.
18:16 of 2nd period - Puck is out of play.
18:17 of 2nd period - Brad Richards wins face-off versus Marcel Goc in Flames zone.
18:26 of 2nd period - Wrist shot by Brad Richards.
18:26 of 2nd period - Stopped by Pekka Rinne with a rebound.
18:47 of 2nd period - Wrist shot by Alexandre Burrows.
18:47 of 2nd period - Deflect By Radek Bonk.
18:47 of 2nd period - Shot Misses the Net.
18:47 of 2nd period - Puck is out of play.
18:48 of 2nd period - Eric Staal wins face-off versus Radek Bonk in Flames zone.
18:57 of 2nd period - Wrist shot by Matt Read.
18:57 of 2nd period - Stopped by Pekka Rinne without a rebound.
18:58 of 2nd period - Brad Richards wins face-off versus Eric Staal in Flames zone.
19:24 of 2nd period - Snap shot by David Backes.
19:24 of 2nd period - Stopped by Henrik Lundqvist with a rebound.
19:51 of 2nd period - Minor Penalty to Derek Meech for Tripping.
19:52 of 2nd period - Brad Richards wins face-off versus Mike Leclerc in Flames zone.
19:56 of 2nd period - Wrist shot by Milan Lucic.
19:56 of 2nd period - Shot Blocked by Filip Kuba.
Goals for this period are 2 for Flames vs 0 for Rangers.
Shots for this period are 18 for Flames vs 7 for Rangers.

3rd period


0:01 of 3rd period - Brad Richards wins face-off versus Eric Staal in neutral zone.
0:16 of 3rd period - Snap shot by Milan Lucic.
0:16 of 3rd period - Shot Blocked by Steve Eminger.
1:09 of 3rd period - Snap shot by Tomas Kaberle.
1:09 of 3rd period - Stopped by Henrik Lundqvist with a rebound.
1:51 of 3rd period - Penalty to Derek Meech is over, Derek Meech is back on ice.
1:54 of 3rd period - Minor Penalty to Marcel Goc for Hooking.
1:55 of 3rd period - Patrice Bergeron wins face-off versus Eric Staal in Flames zone.
1:58 of 3rd period - Wrist shot by Patrice Bergeron.
1:58 of 3rd period - Shot Misses the Net.
2:00 of 3rd period - Wrist shot by Drew Stafford.
2:00 of 3rd period - Goal by Drew Stafford - Flames : 2 - Rangers : 3.
2:01 of 3rd period - Eric Staal wins face-off versus Brad Richards in neutral zone.
2:10 of 3rd period - Tomas Kaberle is hit by Milan Lucic and loses puck.
2:48 of 3rd period - Icing by Patrice Bergeron.
2:49 of 3rd period - Radek Bonk wins face-off versus Marcel Goc in Rangers zone.
2:49 of 3rd period - Radek Bonk is hit by Milan Hejduk.
3:01 of 3rd period - Slapshot by Ryan Whitney.
3:01 of 3rd period - Shot Misses the Net.
3:25 of 3rd period - Snap shot by Milan Lucic.
3:25 of 3rd period - Stopped by Pekka Rinne without a rebound.
3:26 of 3rd period - Brad Richards wins face-off versus Michal Handzus in Flames zone.
3:29 of 3rd period - Wrist shot by Johan Franzen.
3:29 of 3rd period - Shot Misses the Net.
3:31 of 3rd period - Slapshot by Kimmo Timonen.
3:31 of 3rd period - Shot Blocked by Jordin Tootoo.
3:33 of 3rd period - Slapshot by Mark Fistric.
3:33 of 3rd period - Deflect By Steve Eminger.
3:33 of 3rd period - Stopped by Pekka Rinne with a rebound.
3:35 of 3rd period - Snap shot by Milan Lucic.
3:35 of 3rd period - Stopped by Pekka Rinne without a rebound.
3:36 of 3rd period - Michal Handzus wins face-off versus Brad Richards in Flames zone.
3:36 of 3rd period - Michal Handzus is hit by Johan Franzen.
3:39 of 3rd period - Minor Penalty to Steve Eminger for Holding.
3:40 of 3rd period - Brad Richards wins face-off versus Eric Staal in Flames zone.
5:39 of 3rd period - Penalty to Steve Eminger is over, Steve Eminger is back on ice.
5:47 of 3rd period - Michal Handzus is hit by Radek Bonk and loses puck.
5:54 of 3rd period - Mark Fistric is hit by Steve Eminger and loses puck.
6:27 of 3rd period - Snap shot by Alexander Semin.
6:27 of 3rd period - Deflect By Craig Adams.
6:27 of 3rd period - Shot Misses the Net.
6:27 of 3rd period - Puck is out of play.
6:28 of 3rd period - Valtteri Filppula wins face-off versus Marcel Goc in Rangers zone.
6:50 of 3rd period - Icing by Milan Lucic.
6:51 of 3rd period - Eric Staal wins face-off versus Patrice Bergeron in Rangers zone.
7:02 of 3rd period - Backhand shot by Eric Staal.
7:02 of 3rd period - Goal by Eric Staal - Flames : 3 - Rangers : 3.
7:03 of 3rd period - Eric Staal wins face-off versus Brad Richards in neutral zone.
7:05 of 3rd period - Off-side.
7:06 of 3rd period - Brad Richards wins face-off versus Eric Staal in neutral zone.
7:17 of 3rd period - Snap shot by Milan Lucic.
7:17 of 3rd period - Shot Misses the Net.
7:19 of 3rd period - Slapshot by Cam Barker.
7:19 of 3rd period - Deflect By Brad Richards.
7:19 of 3rd period - Stopped by Pekka Rinne with a rebound.
7:21 of 3rd period - Snap shot by Brad Richards.
7:21 of 3rd period - Shot Blocked by Steve Eminger.
7:41 of 3rd period - Snap shot by Michal Handzus.
7:41 of 3rd period - Stopped by Henrik Lundqvist without a rebound.
7:42 of 3rd period - Marcel Goc wins face-off versus Brad Richards in Rangers zone.
8:33 of 3rd period - Erik Johnson is hit by Matt Greene.
10:02 of 3rd period - Slapshot by Alexandre Burrows.
10:02 of 3rd period - Stopped by Pekka Rinne with a rebound.
10:07 of 3rd period - Minor Penalty to Mark Bell for Interference.
10:08 of 3rd period - Eric Staal wins face-off versus Johan Franzen in Flames zone.
10:33 of 3rd period - Mark Fistric is hit by Michal Handzus and loses puck.
12:07 of 3rd period - Penalty to Mark Bell is over, Mark Bell is back on ice.
13:33 of 3rd period - Matt Greene is hit by Steve Regier and loses puck.
14:17 of 3rd period - Mike Cammalleri is hit by David Backes and loses puck.
15:34 of 3rd period - Marcel Goc is hit by Cam Barker and loses puck.
15:52 of 3rd period - Kimmo Timonen is hit by Mike Leclerc and loses puck.
16:50 of 3rd period - Snap shot by Mark Bell.
16:50 of 3rd period - Stopped by Henrik Lundqvist with a rebound.
16:52 of 3rd period - Wrist shot by Jordin Tootoo.
16:52 of 3rd period - Stopped by Henrik Lundqvist without a rebound.
16:53 of 3rd period - Patrice Bergeron wins face-off versus Marcel Goc in Rangers zone.
16:53 of 3rd period - Patrice Bergeron is hit by Milan Hejduk.
16:59 of 3rd period - Wrist shot by Steve Regier.
16:59 of 3rd period - Stopped by Henrik Lundqvist without a rebound.
17:00 of 3rd period - Marcel Goc wins face-off versus Valtteri Filppula in Rangers zone.
17:59 of 3rd period - Snap shot by Mike Cammalleri.
17:59 of 3rd period - Shot Blocked by Jordin Tootoo.
Goals for this period are 1 for Flames vs 1 for Rangers.
Shots for this period are 6 for Flames vs 6 for Rangers.

Overtime #1


0:01 of 1st overtime period - Milan Lucic wins face-off versus Eric Staal in neutral zone.
0:04 of 1st overtime period - Alexander Semin is hit by Milan Lucic.
0:14 of 1st overtime period - Slapshot by Brad Richards.
0:14 of 1st overtime period - Shot Blocked by Steve Eminger.
0:16 of 1st overtime period - Wrist shot by Milan Lucic.
0:16 of 1st overtime period - Stopped by Pekka Rinne without a rebound.
0:17 of 1st overtime period - Milan Lucic wins face-off versus Eric Staal in Flames zone.
1:06 of 1st overtime period - Off-side.
1:07 of 1st overtime period - Eric Staal wins face-off versus Milan Lucic in neutral zone.
3:22 of 1st overtime period - Mark Fistric is hit by David Backes and loses puck.
3:41 of 1st overtime period - Erik Johnson is hit by Mark Fistric and loses puck.
4:08 of 1st overtime period - Wrist shot by Patrice Bergeron.
4:08 of 1st overtime period - Shot Misses the Net.
4:20 of 1st overtime period - Jordin Tootoo is hit by Radek Bonk and loses puck.
4:35 of 1st overtime period - Kimmo Timonen is hit by Steve Eminger.
Goals for this period are 0 for Flames vs 0 for Rangers.
Shots for this period are 0 for Flames vs 1 for Rangers.

ShootOut


5:00 of 1st overtime period - Penalty Shot by Alexander Semin for Flames.
5:00 of 1st overtime period - Snap shot by Alexander Semin.
5:00 of 1st overtime period - Shot Misses the Net.
5:00 of 1st overtime period - Penalty Shot by Milan Lucic for Rangers.
5:00 of 1st overtime period - Wrist shot by Milan Lucic.
5:00 of 1st overtime period - Stopped by Pekka Rinne.
5:00 of 1st overtime period - Penalty Shot by Eric Staal for Flames.
5:00 of 1st overtime period - Deke by Eric Staal.
5:00 of 1st overtime period - Stopped by Henrik Lundqvist.
5:00 of 1st overtime period - Penalty Shot by Brad Richards for Rangers.
5:00 of 1st overtime period - Snap shot by Brad Richards.
5:00 of 1st overtime period - Goal by Brad Richards.
5:00 of 1st overtime period - Penalty Shot by David Backes for Flames.
5:00 of 1st overtime period - Wrist shot by David Backes.
5:00 of 1st overtime period - Stopped by Henrik Lundqvist.


Output by the SimonT Hockey Simulator (STHS) for François Prévost -- Original Page W3C XHTML 1.0 Valid
Hockey Simulator - Hockey Simulation - Hockey Manager